 Dungeon Crawl Stone Soup version 0.31-a0-542-gdc2a67831c (webtiles) character file.

Game seed: 14596885977504623880

4015 cforsyth the Prestidigitator (level 10, -8/68 HPs)
             Began as a Gnoll Artificer on Aug 14, 2023.
             Was a Follower of Hepliaklqana.
             Killed from afar by an electric eel (10 damage)
             ... with a bolt of electricity
             ... on level 8 of the Dungeon.
             The game lasted 00:22:29 (9911 turns).

cforsyth the Prestidigitator (Gnoll Artificer)      Turns: 9911, Time: 00:22:29

Health: -8/68      AC:  3    Str: 11    XL:     10   Next: 23%
Magic:  17/17      EV: 13    Int: 15    God:    Hepliaklqana [*.....]
Gold:   425        SH:  7    Dex: 13    Spells: 19/19 levels left

rFire   . . .        D - +1 short sword (elec)
rCold   . . .        k - +2 buckler
rNeg    . . .        c - +0 troll leather armour {Pargi}
rPois   .            (no helmet)
rElec   .            (no cloak)
rCorr   .            (no gloves)
SInv    .            (no boots)
Will    .....        (no amulet)
Stlth   +++          (no ring)
HPRegen 1.11/turn    (no ring)
MPRegen 0.15/turn

%: no passive effects
@: no status effects
A: reduced essence, fangs 1, strong nose, distributed training
a: Renounce Religion, Recall Ancestor, Ancestor Identity


You were on level 8 of the Dungeon.
You worshipped Hepliaklqana.
Hepliaklqana was aware of your devotion.
You visited 1 branch of the dungeon, and saw 8 of its levels.
You also visited: Sewer.

You collected 425 gold pieces.

Inventory:

Hand Weapons
 a - a +0 club
 p - a +2 short sword of protection
 u - a +2 dagger of draining
 D - a +1 short sword of electrocution (weapon)
Missiles
 q - a poisoned dart (quivered)
 t - 3 throwing nets
Armour
 b - a +0 leather armour
 c - a +0 troll leather armour (worn) {Pargi}
 k - a +2 buckler (worn)
 s - a +1 ring mail of cold resistance
Jewellery
 C - a ring of magical power
Wands
 d - a wand of charming (12)
 j - a wand of flame (16)
 E - a wand of roots (3)
Scrolls
 g - a scroll of vulnerability {unknown}
 i - 4 scrolls of teleportation
 m - 2 scrolls of summoning {unknown}
 n - a scroll of fear {unknown}
 v - a scroll of noise {unknown}
 w - 2 scrolls of enchant weapon {unknown}
 x - 4 scrolls of revelation {unknown}
 y - a scroll of enchant armour
 z - a scroll of amnesia
 A - a scroll of poison
Potions
 e - a potion of lignification {unknown}
 f - a potion of ambrosia
 h - 3 potions of haste
 l - a potion of cancellation
 o - 4 potions of brilliance
 r - 2 potions of curing
 B - a potion of mutation


   Skills:
 + Level 5.8 Fighting
 + Level 5.2 Short Blades
 + Level 5.2 Long Blades
 + Level 5.2 Axes
 + Level 5.2 Maces & Flails
 + Level 5.2 Polearms
 + Level 5.2 Staves
 + Level 5.2 Ranged Weapons
 + Level 5.2 Throwing
 + Level 7.0 Armour
 + Level 5.8 Dodging
 + Level 5.7 Stealth
 + Level 5.2 Shields
 + Level 5.2 Unarmed Combat
 + Level 5.2 Spellcasting
 + Level 4.2 Conjurations
 + Level 4.2 Hexes
 + Level 4.2 Summonings
 + Level 4.2 Necromancy
 + Level 4.2 Translocations
 + Level 4.2 Transmutations
 + Level 4.2 Fire Magic
 + Level 4.2 Ice Magic
 + Level 4.2 Air Magic
 + Level 4.2 Earth Magic
 + Level 4.2 Poison Magic
 + Level 5.7 Invocations
 + Level 8.4 Evocations
 + Level 4.2 Shapeshifting


You had 19 spell levels left.
You didn't know any spells.
Your spell library contained the following spells:

 Spells                   Type           Power      Damage    Failure   Level
 Shock                    Conj/Air       64%        1d7       4%          1
 Gell's Gravitas          Tloc           16%        N/A       14%         3
 Swiftness                Air            16%        N/A       14%         3
 Teleport Other           Tloc           16%        N/A       14%         3
 Airstrike                Air            8%         2d(2-18)  43%         4
 Dispersal                Tloc           8%         N/A       100%        6


Dungeon Overview and Level Annotations

Branches:
Dungeon (8/15)             Temple (0/1) D:6           Sewer (visited)
   Lair: D:8-11

Altars:
Dithmenos
Hepliaklqana
Kikubaaqudgha
Okawaru
Qazlal
Sif Muna
Xom
Yredelemnul


Innate Abilities, Weirdness & Mutations

Your life essence is reduced to manifest your ancestor. (-10% HP)
You have very sharp teeth.
Your uncanny sense of smell can sniff out nearby items.
Your experience applies equally to all skills.


Message History

Nozipho is destroyed!
You hear a shout!
You hit the orc wizard but do no damage.
Lightning courses through the orc wizard!!
You kill the orc wizard!
An orc comes into view. It is wielding a +0 mace.
Things that are here:
a +0 dagger; a +0 robe; a +4 ring of protection You block the orc's attack.
You hit the orc.
The orc is almost dead.
The orc barely misses you.
You completely miss the orc.
The orc is almost dead.
You hit the orc.
You kill the orc!
The electric eel shoots out a bolt of lightning at you!
The bolt of electricity hits the orc!
The orc dies!
The bolt of electricity hits you!
Items here: $ )) [ ††.
An electric eel comes into view.
The electric eel shoots out a bolt of lightning at you!
The bolt of electricity hits you!
The electric eel shoots out a bolt of lightning at you!
The bolt of electricity hits you!
The electric eel shoots out a bolt of lightning at you!
The bolt of electricity hits you!
* * * LOW HITPOINT WARNING * * *
An electric eel comes into view.
The electric eel shoots out a bolt of lightning at you!
The bolt of electricity hits you!
* * * LOW HITPOINT WARNING * * *
Items here: $ )) [ ††.
The electric eel shoots out a bolt of lightning at you!
The bolt of electricity hits you!
* * * LOW HITPOINT WARNING * * *
The electric eel shoots out a bolt of lightning at you!
The bolt of electricity hits you!
You die...

.# .≈.≈.≈.S.≈.≈.≈≈ #>.# ##
≈.$.≈.#.≈...S≈≈##..#
≈≈.≈.≈.≈.≈.≈≈≈##...# ####
≈≈≈...≈...≈≈≈####### ##...
#≈≈≈.≈)S.≈≈≈##...# ##..##
#≈≈S...S≈≈# #...# #..##
##≈S...≈≈## #...# #.##
.####'')######...######.#
.........).@.........##.#
.#############...###.##.####
#...#.#.##.....
#...#...##.####
#####.####.##.. #.# #.#..#
#.####...## #......####
############################


You could see an electric eel.

Vanquished Creatures
  A two-headed ogre (D:7)
  A troll (D:7)
  Grinder (D:5)
  A steam dragon (D:7)
  A water moccasin (D:6)
  Pargi (Sewer)
  An orc warrior (D:7)
  2 sky beasts
  3 ogres
  2 centaurs
  2 phantoms (D:6)
  4 bullfrogs
  A kobold brigand (D:3)
  4 wights
  3 hounds (D:4)
  8 orc priests
  A gnoll bouda (D:7)
  2 jellies
  14 orc wizards
  A sleepcap (D:6)
  2 iguanas
  12 gnolls
  10 adders
  A river rat (D:3)
  A shadow imp (D:8)
  3 white imps
  An ufetubus (D:5)
  8 worms
  2 dart slugs (D:1)
  22 orcs
  6 bats
  8 endoplasms
  8 giant cockroaches
  5 goblins
  12 hobgoblins
  3 jackals (D:4)
  15 kobolds
  4 quokkas
  4 ball pythons
  5 frilled lizards
  8 rats
194 creatures vanquished.

Vanquished Creatures (collateral kills)
  A kobold brigand (D:8)
  An orc wizard (D:7)
  2 kobolds (D:8)
4 creatures vanquished.

Vanquished Creatures (others)
  A troll (D:7)
  3 ancestors
  2 orc wizards
  An orc (D:8)
7 creatures vanquished.

Grand Total: 205 creatures vanquished

Notes
Turn   | Place    | Note
-------+----------+-------------------------------------------
     0 | D:1      | cforsyth the Gnoll Artificer began the quest for the Orb.
     0 | D:1      | Reached XP level 1. HP: 17/17 MP: 1/1
   185 | D:1      | Reached XP level 2. HP: 14/23 MP: 2/2
   622 | D:1      | Reached XP level 3. HP: 28/28 MP: 3/3
  1007 | D:2      | Reached skill level 1 in Invocations
  1515 | D:2      | Reached skill level 1 in Short Blades
  1515 | D:2      | Reached skill level 1 in Long Blades
  1515 | D:2      | Reached skill level 1 in Axes
  1515 | D:2      | Reached skill level 1 in Maces & Flails
  1515 | D:2      | Reached skill level 1 in Polearms
  1515 | D:2      | Reached skill level 1 in Staves
  1515 | D:2      | Reached skill level 1 in Ranged Weapons
  1515 | D:2      | Reached skill level 1 in Throwing
  1515 | D:2      | Reached skill level 1 in Shields
  1515 | D:2      | Reached skill level 1 in Unarmed Combat
  1515 | D:2      | Reached skill level 1 in Spellcasting
  1627 | D:2      | Reached XP level 4. HP: 26/34 MP: 5/5
  2359 | D:3      | Reached skill level 1 in Conjurations
  2359 | D:3      | Reached skill level 1 in Hexes
  2359 | D:3      | Reached skill level 1 in Summonings
  2359 | D:3      | Reached skill level 1 in Necromancy
  2359 | D:3      | Reached skill level 1 in Translocations
  2359 | D:3      | Reached skill level 1 in Transmutations
  2359 | D:3      | Reached skill level 1 in Fire Magic
  2359 | D:3      | Reached skill level 1 in Ice Magic
  2359 | D:3      | Reached skill level 1 in Air Magic
  2359 | D:3      | Reached skill level 1 in Earth Magic
  2359 | D:3      | Reached skill level 1 in Poison Magic
  2359 | D:3      | Reached skill level 1 in Shapeshifting
  2386 | D:3      | Reached XP level 5. HP: 22/40 MP: 5/7
  2488 | D:3      | Found a glowing drain.
  2492 | Sewer    | Entered a sewer
  2564 | Sewer    | Noticed Pargi
  2567 | Sewer    | Killed Pargi
  2568 | Sewer    | Reached XP level 6. HP: 35/47 MP: 8/8
  2905 | D:3      | Found a faded altar of an unknown god.
  3034 | D:3      | Reached skill level 5 in Armour
  3310 | D:3      | Found an ancient bone altar of Kikubaaqudgha.
  3505 | D:3      | You fall into a shaft and drop 3 floors!
  3522 | D:5      | Entered Level 5 of the Dungeon
  3551 | D:5      | Reached XP level 7. HP: 51/51 MP: 10/10
  3561 | D:5      | Reached skill level 7 in Evocations
  3585 | D:4      | Found Sojeab's General Store.
  4411 | D:4      | Reached XP level 8. HP: 53/60 MP: 12/12
  5128 | D:5      | Found a stormy altar of Qazlal.
  5231 | D:5      | Noticed Grinder
  5240 | D:5      | Paralysed by Grinder for 4 turns
  5253 | D:5      | Killed Grinder
  5304 | D:5      | Found an iron altar of Okawaru.
  5304 | D:5      | Found a hazy altar of Hepliaklqana.
  5304 | D:5      | Found a shadowy altar of Dithmenos.
  5305 | D:5      | Found a basalt altar of Yredelemnul.
  5375 | D:5      | Became a worshipper of Hepliaklqana the Forgotten
  5962 | D:6      | Found a staircase to the Ecumenical Temple.
  6058 | D:6      | Reached XP level 9. HP: 52/66 MP: 14/14
  6394 | D:7      | Found a shimmering altar of Xom.
  6394 | D:7      | Found a shimmering blue altar of Sif Muna.
  6409 | D:7      | Noticed a troll
  6413 | D:7      | Noticed a troll
  6416 | D:7      | Killed a troll
  6510 | D:7      | Reached skill level 5 in Fighting
  6510 | D:7      | Reached skill level 5 in Dodging
  6919 | D:6      | Reached skill level 5 in Stealth
  7090 | D:6      | Reached skill level 8 in Evocations
  7568 | D:7      | Noticed a five-headed hydra
  7949 | D:7      | Reached skill level 5 in Invocations
  8347 | D:7      | Noticed a two-headed ogre
  8402 | D:7      | Killed a two-headed ogre
  8403 | D:7      | Reached skill level 5 in Short Blades
  8403 | D:7      | Reached skill level 5 in Long Blades
  8403 | D:7      | Reached skill level 5 in Axes
  8403 | D:7      | Reached skill level 5 in Maces & Flails
  8403 | D:7      | Reached skill level 5 in Polearms
  8403 | D:7      | Reached skill level 5 in Staves
  8403 | D:7      | Reached skill level 5 in Ranged Weapons
  8403 | D:7      | Reached skill level 5 in Throwing
  8403 | D:7      | Reached skill level 5 in Shields
  8403 | D:7      | Reached skill level 5 in Unarmed Combat
  8403 | D:7      | Reached skill level 5 in Spellcasting
  8403 | D:7      | Reached XP level 10. HP: 29/76 MP: 17/17
  8540 | D:7      | Found the +1 robe of Vines {NoPotionHeal Regen++++}
  8654 | D:7      | Reached * piety under Hepliaklqana
  9183 | D:8      | Identified the +4 leather armour of Ysuweg {Contam rElec
                  | rF- Dex+6}
  9910 | D:8      | HP: 1/68 [electric eel/bolt of electricity (9)]
  9911 | D:8      | Killed from afar by an electric eel

Illustrated notes

Levels and vault maps discovered:
D:1:      saegor_arrival_miasma, layout_basic, chequers_serial_rivers_micro_a,
          chequers_serial_rivers_micro_d, reono_crystal_passage
D:2:      layout_loops_ring, kennysheep_cross_bottleneck
D:3:      cheibrodos_thug_alley, layout_basic, lemuel_crystal_altar,
          lightli_sewer_entry_pipes, hellmonk_ecumenical_altar_run_dry,
          st_stairs_9
D:4:      layout_layer_cave, serial_shops, shop
D:5:      layout_loops_ring, chequers_temple_overflow_statue_of_worship,
          nicolae_qazlal_beasts_of_the_sky, uniq_grinder
D:6:      layout_cave_pools, minmay_temple_entry_butterflies
D:7:      layout_loops_cross, gammafunk_temple_overflow_elements,
          hellmonk_guarded_unrand_vines
D:8:      layout_basic, kennysheep_cluttered_room, amethyst_killhole,
          serial_bayou_ford_a

Skill      XL: |  1  2  3  4  5  6  7  8  9 10 |
---------------+-------------------------------+-----
Invocations    | 1 2 3 4 5 |  5.7
Short Blades   | 1 2 3 5 |  5.2
Long Blades    | 1 2 3 5 |  5.2
Axes           | 1 2 3 5 |  5.2
Maces & Flails | 1 2 3 5 |  5.2
Polearms       | 1 2 3 5 |  5.2
Staves         | 1 2 3 5 |  5.2
Ranged Weapons | 1 2 3 5 |  5.2
Throwing       | 1 2 3 5 |  5.2
Shields        | 1 2 3 5 |  5.2
Unarmed Combat | 1 2 3 5 |  5.2
Spellcasting   | 1 2 3 5 |  5.2
Conjurations   | 1 2 3 4 |  4.2
Hexes          | 1 2 3 4 |  4.2
Summonings     | 1 2 3 4 |  4.2
Necromancy     | 1 2 3 4 |  4.2
Translocations | 1 2 3 4 |  4.2
Transmutations | 1 2 3 4 |  4.2
Fire Magic     | 1 2 3 4 |  4.2
Ice Magic      | 1 2 3 4 |  4.2
Air Magic      | 1 2 3 4 |  4.2
Earth Magic    | 1 2 3 4 |  4.2
Poison Magic   | 1 2 3 4 |  4.2
Shapeshifting  | 1 2 3 4 |  4.2
Fighting       | 3 4 5 |  5.8
Dodging        | 3 4 5 |  5.8
Stealth        | 3 4 5 |  5.7
Armour         | 5 6 7 |  7.0
Evocations     | 7 8 |  8.4

Action                     |  1- 3 |  4- 6 |  7- 9 | 10-12 || total
---------------------------+-------+-------+-------+-------++-------
  Melee: Club              |   179 |   133 |       |       ||   312
         Bite              |    14 |    24 |    60 |     9 ||   107
         Punch             |     1 |       |       |       ||     1
         Short sword       |       |    74 |   248 |    76 ||   398
         Dagger            |       |    56 |   253 |       ||   309
  Throw: Dart              |       |     3 |    25 |    12 ||    40
  Evoke: Wand              |     3 |    17 |     2 |     1 ||    23
    Use: Scroll            |       |       |    10 |     1 ||    11
         Potion            |       |       |     2 |       ||     2
   Stab: Sleeping          |     2 |     5 |     5 |     1 ||    13
         Distracted        |       |       |     2 |       ||     2
 Armour: Leather armour    |    52 |    19 |       |       ||    71
         Troll leather arm |       |    34 |    52 |     5 ||    91
  Dodge: Dodged            |   173 |   124 |   220 |    34 ||   551
  Block: Buckler           |       |    53 |   125 |    20 ||   198

Table legend: (Time is in decaauts)
 A = Elapsed time spent in this place.
 B = Non-inter-level travel time spent in this place.
 C = Inter-level travel time spent in this place.
 D = Time resting spent in this place.
 E = Time spent auto-exploring this place.
 F = Levels seen in this place.
 G = Mean time per level.
                   A        B        C        D        E       F      G
               +--------+--------+--------+--------+--------+-----+--------+
         Total |   9955 |   9696 |    259 |   1207 |   5904 |   9 | 1106.1 |
       Dungeon |   9624 |   9365 |    259 |   1207 |   5722 |   8 | 1203.0 |
         Sewer |    331 |    331 |      0 |      0 |    182 |   1 |  331.0 |
               +--------+--------+--------+--------+--------+-----+--------+

Top non-repeatable levels by time:
     D:7: 1576 daAuts
     D:6: 1518 daAuts
     D:2: 1296 daAuts
     D:3: 1232 daAuts
     D:4: 1140 daAuts
     D:8: 1030 daAuts
     D:1: 1000 daAuts
     D:5: 829 daAuts
   Sewer: 331 daAuts
